 Dungeon Crawl Stone Soup version 0.31-a0-881-ge136f0c47a (webtiles) character file.

Game seed: 15328223015340761014

4531 Spaninq the Mimic (level 10, -5/150 HPs)
             Began as a Troll Shapeshifter on Oct 15, 2023.
             Was a Priest of Nemelex Xobeh.
             Succumbed to a death drake's dark miasma
             ... on level 7 of the Dungeon.
             The game lasted 00:21:29 (5750 turns).

Spaninq the Mimic (Troll Shapeshifter)              Turns: 5750, Time: 00:21:31

Health: -5/150     AC: 25    Str: 28    XL:     10   Next: 17%
Magic:  10/13      EV:  1    Int:  6    God:    Nemelex Xobeh [***...]
Gold:   519        SH:  0    Dex:  9    Spells: 9/9 levels left

rFire   + . .        b - +11 Screaming Sword {sonic wave}
rCold   + + .        (no shield)
rNeg    + . .        D - melded +0 steam dragon scales
rPois   +            (helmet currently unavailable)
rElec   +            (cloak currently unavailable)
rCorr   +            (gloves unavailable)
SInv    +            (boots unavailable)
Will    .....        i - amulet of guardian spirit
Stlth   +            t - ring "Vazeb" {rC+ rN+ SInv}
HPRegen 1.25/turn    x - ring of see invisible
MPRegen 0.13/turn

%: guardian spirit
@: lethally poisoned (-5 -> -33), tree-form, resistant, slowed, very slow
A: stationary, stasis, torment immunity, boosted hp, large, unfitting armour,
(claws 3), regeneration 1, (shaggy fur 1), (tough skin 1)
a: Renounce Religion, Draw Escape, Draw Destruction, Draw Summoning, Triple Draw


You were on level 7 of the Dungeon.
You worshipped Nemelex Xobeh.
Nemelex Xobeh was most pleased with you.
You were a tree.
You visited 1 branch of the dungeon, and saw 7 of its levels.

You collected 519 gold pieces.

Inventory:

Hand Weapons
 b - the +11 Screaming Sword (weapon) {sonic wave}
   (You found it on level 6 of the Dungeon)
 B - a +5 hand axe
Armour
 D - +0 steam dragon scales (melded)
Jewellery
 i - an amulet of guardian spirit (around neck)
 t - the ring "Vazeb" (left branch) {rC+ rN+ SInv}
   (You found it on level 4 of the Dungeon)

   [ring of protection from cold]

   rC+:       It protects you from cold.
   rN+:       It protects you from negative energy.
   SInv:      It lets you see invisible.
 x - a ring of see invisible (right branch)
 y - a ring of positive energy
 z - a ring of ice
 G - a +4 ring of protection
Talismans
 c - a beast talisman
 d - a flux talisman
Wands
 w - a wand of flame (22)
 A - a wand of light (37)
 E - a wand of paralysis (5)
Scrolls
 e - a scroll of blinking {unknown}
 f - 3 scrolls of fear {unknown}
 g - 2 scrolls of enchant weapon {unknown}
 h - a scroll of noise {unknown}
 j - 6 scrolls of identify {unknown}
 l - 3 scrolls of amnesia {unknown}
 n - 4 scrolls of teleportation {unknown}
 o - a scroll of brand weapon {unknown}
 q - 2 scrolls of silence {unknown}
 r - 2 scrolls of enchant armour {unknown}
Potions
 a - a potion of haste {unknown}
 k - a potion of brilliance {unknown}
 p - a potion of invisibility {unknown}
 s - a potion of resistance
 u - 2 potions of magic
 v - 2 potions of curing {unknown}
 F - a potion of enlightenment {unknown}


   Skills:
 + Level 6.4 Fighting
 * Level 4.5 Long Blades
 - Level 1.7 Dodging
 - Level 3.1 Unarmed Combat
 - Level 5.7 Invocations
 - Level 9.1 Shapeshifting


You had 9 spell levels left.
You didn't know any spells.
Your spell library contained the following spells:

 Spells                   Type           Power      Damage    Failure   Level
 Freeze                   Ice            0%         1d3       45%         1
 Scorch                   Fire           0%         2d5       58%         2
 Sublimation of Blood     Necr           0%         N/A       58%         2
 Dazzling Flash           Conj/Hex       0%         N/A       83%         3
 Frozen Ramparts          Ice            0%         1d1       83%         3
 Hailstorm                Conj/Ice       0%         3d3       83%         3
 Volatile Blastmotes      Fire/Tloc      0%         2d10      83%         3
 Brom's Barrelling Bould  Conj/Erth      0%         2d3       99%         4
 Flame Wave               Conj/Fire      0%         2d4       99%         4
 Petrify                  Tmut/Erth      0%         N/A       99%         4
 Fireball                 Conj/Fire      0%         3d3       100%        5
 Irradiate                Conj/Tmut      0%         3d11      100%        5
 Iskenderun's Battlesphe  Conj           0%         2d6       100%        5
 Metabolic Englaciation   Hex/Ice        0%         N/A       100%        5
 Conjure Ball Lightning   Conj/Air       0%         3x3d6     100%        6
 Starburst                Conj/Fire      0%         6d3       100%        6
 Summon Cactus Giant      Summ           0%         N/A       100%        6
 Orb of Destruction       Conj           0%         9d5       100%        7
 Maxwell's Capacitive Co  Air            0%         ∞         100%        8


Dungeon Overview and Level Annotations

Branches:
Dungeon (7/15)             Temple (0/1) D:4

Altars:
Ashenzari
Dithmenos
Makhleb
Nemelex Xobeh
Okawaru
Wu Jian
Xom

Shops:
D:3 (


Innate Abilities, Weirdness & Mutations

You are a tree.
Your roots penetrate the ground, keeping you stationary.
You cannot be teleported.
You are immune to unholy pain and torment.
Your maximum health is greatly increased.
Your equipment is partially melded.
You are too large for most types of armour.
((You have claws for hands.))
Your natural rate of healing is unusually fast.
((You are covered in fur. (AC +1)))
((You have tough skin. (AC +1)))


Message History

Your roots penetrate the ground.
* * * LOW HITPOINT WARNING * * *
You feel extremely sick. The death drake bites you.
A hound comes into view.
The death drake bites you but does no damage.
The boggart gestures wildly while chanting.
The hound moves out of view.
You hear a bark!
You hear a shout!
You feel much better.
* * * LOW HITPOINT WARNING * * *
You feel extremely sick.
You hear a shout!
You hear a roar!
The death drake bites you but does no damage. x2
You completely miss the death drake.
* * * LOW HITPOINT WARNING * * *
You feel extremely sick. The death drake breathes miasma at you.
The foul vapour engulfs you.
* * * LOW HITPOINT WARNING * * *
The boggart gestures wildly while chanting.
The death drake bites you but does no damage.
The boggart gestures wildly while chanting.
The boggart flickers and vanishes for a moment.
The death drake bites you but does no damage.
Unknown command.
It was a potion of magic.
Magic courses through your body.
You are engulfed in dark miasma.
You feel as though you will be slow longer.
* * * LOW HITPOINT WARNING * * *
x2 You feel very sick.
The death drake bites you but does no damage. x2
It was a potion of resistance.
You feel protected.
You are engulfed in dark miasma.
You are lethally poisoned!
You feel as though you will be slow longer.
* * * LOW HITPOINT WARNING * * *
You die...
Your body glows with a rainbow of weird colours and disappears.

....#.# ##
#.#........... ....#.#
............ ......#
......[. ##.##### ## #.
#.#♣♣.♣♣ ♣♣♣♣♣. #.
##.#♣...♣♣♣.♣♣.##### .♣
♣.♣♣#.
...........♣.♣.#°⌠.#
♣.♣ ♣....
.#.#♣...♣♣♣♣♣..##'##..♣
♣.♣♣#. ##.#♣♣.♣♣
♣♣♣.♣...♣ #. ##.# ###
##♣k♣## #. ...# ♣)♣ #.
##.# ♣g♣ #. ##.#
♣.....Sh....♣ #. ##.#
♣.....Sh....♣ #. ##.#
♣..'#####'..♣ #. ##.#
♣..# #c.♣ #. ..# ♣..
..♣ #.


You could see a death drake (misshapen), 2 water moccasins, a boggart
(invisible, misshapen), a howler monkey (summoned) and a hound.

Vanquished Creatures
  An ugly thing (D:6)
  A wind drake (D:7)
  2 steam dragons (D:7)
  2 water moccasins (D:6)
  3 sky beasts
  An orc warrior (D:7)
  A black bear (D:6)
  3 ice beasts
  2 ogres
  2 centaurs
  4 bullfrogs
  8 scorpions
  2 gnoll sergeants
  5 wights (D:6)
  3 howler monkeys
  A hound (D:6)
  A jelly (D:7)
  A gnoll bouda (D:4)
  An orc priest (D:7)
  A sleepcap (D:7)
  5 iguanas
  10 orc wizards
  12 adders
  8 gnolls
  A shadow imp (D:7)
  A white imp (D:7)
  4 ufetubi
  2 worms (D:2)
  5 dart slugs
  25 orcs
  14 bats
  6 endoplasms
  5 giant cockroaches
  6 goblins
  6 hobgoblins
  A jackal (D:4)
  7 quokkas
  4 ball pythons
  3 frilled lizards
  6 kobolds
  8 rats
184 creatures vanquished.

Vanquished Creatures (collateral kills)
  Eustachio (D:4)
  An ice beast (D:5)
  A scorpion (D:5)
  A howler monkey (D:5)
  2 orcs (D:4)
6 creatures vanquished.

Vanquished Creatures (others)
  An orc wizard (D:7)
1 creature vanquished.

Grand Total: 191 creatures vanquished

Notes
Turn   | Place    | Note
-------+----------+-------------------------------------------
     0 | D:1      | Spaninq the Troll Shapeshifter began the quest for the Orb.
     0 | D:1      | Reached XP level 1. HP: 18/18 MP: 0/0
    44 | D:1      | Reached skill level 1 in Fighting
    63 | D:1      | Reached XP level 2. HP: 26/27 MP: 1/1
   449 | D:1      | Found a faded altar of an unknown god.
   465 | D:1      | Prayed at the altar of an unknown god.
   465 | D:1      | Became a worshipper of Nemelex Xobeh the Trickster
   465 | D:1      | Reached * piety under Nemelex Xobeh
   579 | D:1      | Received a gift from Nemelex Xobeh
   657 | D:2      | Reached XP level 3. HP: 33/33 MP: 2/2
   965 | D:2      | Noticed a scorpion
   981 | D:2      | Killed a scorpion
   982 | D:2      | Reached skill level 1 in Invocations
   982 | D:2      | Reached skill level 4 in Shapeshifting
   982 | D:2      | Reached XP level 4. HP: 42/42 MP: 2/4
  1359 | D:3      | Reached XP level 5. HP: 43/49 MP: 5/5
  1486 | D:3      | Reached ** piety under Nemelex Xobeh
  1576 | D:3      | Found Ehaumoll's Weapon Shop.
  1631 | D:3      | Found a broken altar of Ashenzari.
  1705 | D:3      | Noticed an ice beast
  1707 | D:3      | Killed an ice beast
  1997 | D:4      | Reached skill level 5 in Shapeshifting
  1997 | D:4      | Reached XP level 6. HP: 59/59 MP: 6/6
  2098 | D:4      | Identified the ring "Vazeb" {rC+ rN+ SInv}
  2118 | D:4      | Found a sparkling altar of Nemelex Xobeh.
  2343 | D:4      | Found an iron altar of Okawaru.
  2541 | D:4      | Found a staircase to the Ecumenical Temple.
  2563 | D:4      | Noticed Eustachio
  2588 | D:4      | Killed Eustachio
  2589 | D:4      | Reached XP level 7. HP: 49/67 MP: 5/8
  3134 | D:5      | Entered Level 5 of the Dungeon
  3201 | D:5      | Found a shadowy altar of Dithmenos.
  3202 | D:5      | Found a shimmering altar of Xom.
  3209 | D:5      | Reached skill level 6 in Shapeshifting
  3242 | D:5      | Identified the +1 trident "Mueh" {elec, rElec}
  3265 | D:5      | Reached XP level 8. HP: 26/78 MP: 1/9
  3364 | D:5      | Reached *** piety under Nemelex Xobeh
  3585 | D:5      | Received a gift from Nemelex Xobeh
  3745 | D:5      | Found an ornate altar of the Wu Jian Council.
  3779 | D:6      | Reached skill level 7 in Shapeshifting
  3930 | D:6      | Noticed a brown ugly thing
  3937 | D:6      | Killed a red ugly thing
  3938 | D:6      | Reached skill level 8 in Shapeshifting
  3965 | D:6      | Reached skill level 5 in Invocations
  4012 | D:6      | Reached XP level 9. HP: 87/87 MP: 11/11
  4144 | D:6      | Reached skill level 5 in Fighting
  4145 | D:6      | Identified the +2 ring mail of the Black Moon {rF+ Dex+2}
  4304 | D:6      | Found a burning altar of Makhleb.
  4530 | D:6      | Reached skill level 9 in Shapeshifting
  4723 | D:6      | Found the +11 Singing Sword {sonic wave}
  4760 | D:6      | Reached skill level 1 in Long Blades
  5140 | D:7      | Received a gift from Nemelex Xobeh
  5382 | D:7      | Reached XP level 10. HP: 93/98 MP: 11/13
  5583 | D:7      | Received a gift from Nemelex Xobeh
  5675 | D:7      | Reached **** piety under Nemelex Xobeh
  5733 | D:7      | Noticed a two-headed ogre
  5734 | D:7      | Noticed a cyclops
  5741 | D:7      | a cyclops changed into a wind drake
  5741 | D:7      | a two-headed ogre changed into a death drake
  5741 | D:7      | Noticed a death drake
  5746 | D:7      | HP: 5/150 [poisoned by a death drake (dark miasma)]
  5750 | D:7      | Succumbed to a death drake's dark miasma

Illustrated notes

Levels and vault maps discovered:
D:1:      minmay_arrival_plants_in_alcoves, layout_rooms,
          shapermc_ecumenical_altar_ellora
D:2:      layout_loops_ring
D:3:      layout_loops_ring, nicolae_overflow_hidden_temple, serial_shops, shop
D:4:      layout_basic, okawaru_trees_1, general_overflow_altar,
          minmay_temple_entry_wispy, chequers_big_river, minmay_curled_crystal,
          minmay_surrounded, uniq_eustachio
D:5:      layout_basic, mainiacjoe_overflow_alcove_2, nicolae_overflow_squiral
D:6:      old_forge, layout_loops_ring, makhleb_heckhound_becter
D:7:      nzn_winding_woodlands_large [nzn_winding_woodlands_5x5_open_star,
          nzn_winding_woodlands_5x15_cabin, nzn_winding_woodlands_5x5_cross,
          nzn_winding_woodlands_center_diamonds,
          nzn_winding_woodlands_15x15_killbox,
          nzn_winding_woodlands_center_pierced_h,
          nzn_winding_woodlands_5x5_closed_star,
          nzn_winding_woodlands_5x15_concentric,
          nzn_winding_woodlands_5x5_default], layout_basic, minmay_starry_boxes

Skill      XL: |  1  2  3  4  5  6  7  8  9 10 |
---------------+-------------------------------+-----
Fighting       | 1 2 3 4 6 |  6.4
Invocations    | 1 2 3 5 |  5.7
Shapeshifting  | 4 5 6 8 9 |  9.1
Long Blades    | 3 4 |  4.5
Dodging        | |  1.7
Unarmed Combat | |  3.1

Action                     |  1- 3 |  4- 6 |  7- 9 | 10-12 || total
---------------------------+-------+-------+-------+-------++-------
  Melee: Unarmed           |    38 |       |       |       ||    38
         Spear             |    44 |   121 |   140 |       ||   305
         Punch             |       |     1 |     6 |       ||     7
         Hand axe          |       |       |    77 |       ||    77
         Double sword      |       |       |    47 |    26 ||    73
 Invoke: Draw Destruction  |       |     3 |     9 |     2 ||    14
         Draw Summoning    |       |     1 |     1 |       ||     2
         Deal Four         |       |       |       |     1 ||     1
         Draw Escape       |       |       |       |     1 ||     1
    Use: Potion            |       |       |     3 |     4 ||     7
   Stab: Sleeping          |       |       |     1 |       ||     1
 Armour: Animal skin       |    61 |    74 |   230 |       ||   365
         Steam dragon scal |       |       |    20 |    27 ||    47
         Skin              |       |       |    19 |     9 ||    28
  Dodge: Dodged            |    23 |    51 |   143 |    17 ||   234

Table legend: (Time is in decaauts)
 A = Elapsed time spent in this place.
 B = Non-inter-level travel time spent in this place.
 C = Inter-level travel time spent in this place.
 D = Time resting spent in this place.
 E = Time spent auto-exploring this place.
 F = Levels seen in this place.
 G = Mean time per level.
                   A        B        C        D        E       F      G
               +--------+--------+--------+--------+--------+-----+--------+
         Total |   5825 |   5644 |    181 |     72 |   4171 |   7 |  832.1 |
       Dungeon |   5825 |   5644 |    181 |     72 |   4171 |   7 |  832.1 |
               +--------+--------+--------+--------+--------+-----+--------+

Top non-repeatable levels by time:
     D:6: 1231 daAuts
     D:4: 1151 daAuts
     D:7: 803 daAuts
     D:3: 692 daAuts
     D:2: 672 daAuts
     D:5: 643 daAuts
     D:1: 631 daAuts
